 Dungeon Crawl Stone Soup version 0.24.0-37-gcf1ca852f1 (webtiles) character file.

Game seed: 13598764064766055863, levelgen mode: deterministic

127 theswoord the Twirler (level 4, -9/33 HPs)
             Began as a Demonspawn Gladiator on Nov 23, 2019.
             Mangled by Menkaure (23 damage)
             ... on level 4 of the Dungeon.
             The game lasted 00:02:36 (2352 turns).

theswoord the Twirler (Demonspawn Gladiator)        Turns: 2352, Time: 00:02:36

Health: -9/33      AC:  5    Str: 16    XL:     4   Next: 85%
Magic:  4/4        EV: 12    Int:  9    God:
Gold:   145        SH:  0    Dex: 14    Spells: 3/3 levels left

rFire    . . .     SeeInvis .   a - +1 quarterstaff
rCold    . . .     Gourm    .   (shield currently unavailable)
rNeg     . . .     Faith    .   b - +0 leather armour
rPois    .         Spirit   .   (helmet restricted)
rElec    .         Reflect  .   (no cloak)
rCorr    .         Harm     .   (no gloves)
MR       .....                  (no boots)
Stlth    +.........             (no amulet)
HPRegen  0.11/turn              (no ring)
MPRegen  0.09/turn              (no ring)

@: no status effects
A: antennae 2, thin metallic scales 1
a: no special abilities


You were on level 4 of the Dungeon.
You were not hungry.

You visited 1 branch of the dungeon, and saw 4 of its levels.

You collected 145 gold pieces.

Inventory:

Hand Weapons
 a - a +1 quarterstaff (weapon)
Missiles
 d - 3 throwing nets (quivered)
Armour
 b - a +0 leather armour (worn)
 c - a +0 helmet
Scrolls
 e - a scroll of enchant armour
 h - a scroll of remove curse {unknown}
 i - a scroll of fear
 o - a scroll of magic mapping {unknown}
 p - 2 scrolls of enchant weapon
 r - a scroll of teleportation
 s - 2 scrolls of identify {unknown}
 t - a scroll of fog
Potions
 g - 2 potions of heal wounds {unknown}
 j - a potion of haste {unknown}
 k - a potion of mutation {unknown}
 l - 2 potions of resistance {unknown}
 m - a potion of invisibility {unknown}
 n - a potion of curing {unknown}
 q - a potion of might {unknown}
Comestibles
 f - 7 rations
 u - 4 chunks of flesh


   Skills:
 - Level 2.0 Fighting
 + Level 5.1 Staves
 - Level 1.7 Throwing
 - Level 2.6 Dodging


You had 3 spell levels left.
You didn't know any spells.
Your spell library was empty.

Dungeon Overview and Level Annotations

Branches:
Dungeon (4/15)
 Temple: D:4-7

Altars:
Dithmenos

Annotations:
D:4 Menkaure, Robin


Innate Abilities, Weirdness & Mutations

You have a pair of antennae on your head.
You are partially covered in thin metallic scales. (AC +2)


Message History

A goblin comes into view.
The goblin wields a +0 hunting sling.
The goblin shoots a stone.
The stone hits you.
A scorpion comes into view.
Menkaure's bandages flutter.
Menkaure calls on the powers of darkness!
The goblin convulses!
Your body is wracked with pain!
* * * LOW HITPOINT WARNING * * *
The goblin convulses! x6; Robin convulses!
The hobgoblin convulses!
The scorpion convulses!
You see here a stone.
The goblin hits you but does no damage.
Robin says, "A pitiful Demonspawn like you will never find the ORB!"
Robin throws the goblin at you!
* * * LOW HITPOINT WARNING * * *
The goblin closely misses you.
There is a stone staircase leading up here.
Menkaure hits you!!
Ouch! That really hurt!
You die...

... .#.### .. .... ## ..
...... . ...#.# # #
#.#..#.##.#
.#..#.#.......# ##.
.............# ..#...
..# #@g.# ..#.#.##.##
#gM.# .#..#..... #gg.#
.......#.# #g..#####
.#..##.#.#######..gg....
..#.#..(.).........g....
.##...........?%....gg..
.####.###.........[.....
...##.# ########........


You could see Menkaure, Robin, a hobgoblin and 8 goblins.

Vanquished Creatures
  Natasha (D:1)
  A worker ant (D:2)
  An adder (D:2)
  2 oozes (D:1)
  2 worms
  4 dart slugs (D:1)
  2 leopard geckos
  7 bats
  5 giant cockroaches
  5 goblins (D:2)
  4 hobgoblins
  3 kobolds
  A quokka (D:2)
  4 frilled lizards
  8 rats
50 creatures vanquished.

Notes
Turn   | Place    | Note
-------+----------+-------------------------------------------
     0 | D:1      | theswoord the Demonspawn Gladiator began the quest for the
                  | Orb.
     0 | D:1      | Reached XP level 1. HP: 16/16 MP: 1/1
    17 | D:1      | Reached skill level 3 in Staves
    54 | D:1      | Gained mutation: You are partially covered in thin metallic
                  | scales. (AC +2) [demonic ancestry]
    54 | D:1      | Reached XP level 2. HP: 9/22 MP: 2/2
   523 | D:1      | Gained mutation: You have a pair of small antennae on your
                  | head. [demonic ancestry]
   523 | D:1      | Reached XP level 3. HP: 26/27 MP: 3/3
   683 | D:1      | Reached skill level 4 in Staves
   830 | D:2      | Noticed Natasha
   841 | D:1      | Killed Natasha
   984 | D:2      | Gained mutation: You have a pair of antennae on your head.
                  | [demonic ancestry]
   984 | D:2      | Reached XP level 4. HP: 33/33 MP: 4/4
  1449 | D:2      | Reached skill level 5 in Staves
  1949 | D:3      | Found a shadowy altar of Dithmenos.
  2341 | D:4      | Noticed Menkaure
  2344 | D:4      | Noticed Robin
  2352 | D:4      | Mangled by Menkaure

Skill      XL: |  1  2  3  4 |
---------------+-------------+-----
Staves         | 3 4 5 |  5.1
Fighting       | |  2.0
Throwing       | |  1.7
Dodging        | |  2.6

Action                   |  1- 3 |  4- 6 || total
-------------------------+-------+-------++-------
Melee: Quarterstaff      |    82 |    76 ||   158
  Use: Scroll            |       |     6 ||     6
 Stab: Sleeping          |     1 |       ||     1
  Eat: Chunk             |       |     5 ||     5
Armor: Leather armour    |    37 |    23 ||    60
Dodge: Dodged            |    85 |    50 ||   135

Levels and vault maps discovered:
D:1:      minmay_arrival_plants_in_alcoves, layout_rooms
D:2:      layout_basic, first_ration, hangedman_decor_points, uniq_natasha
D:3:      layout_rooms, nicolae_dithmenos_shadow_blocks
D:4:      layout_loops_cross, serial_shops, shop_fountains, uniq_robin,
          uniq_grinder, uniq_menkaure
